cohdb
Replays
Latest Replays
All Replays
Popular Replays
Top Player Replays
Match Explorer
How It Works
Community
CoH3 Stats
Reddit
Sign in to upload your games and track your stats! →
Sign in with Steam
Match 39819406
Unlisted
Match 39819406
Overview
Messages
Build Orders
End
Construct Barracks
Riflemen Squad
Riflemen Squad
Grenade Package
Riflemen Squad
Mechanized Support Center
Selects Armored Battlegroup
Selects Veteran Crews
Construct Motor Pool
M24 Chaffee Light Tank
Selects Strength in Steel
M24 Chaffee Light Tank
Improvised Armor
M24 Chaffee Light Tank
Designate Forward Repair Station
Selects Seek and Destroy
M1918 Browning Automatic Rifles
M16 Multiple Gun Motor Carriage
M1 Anti-tank Gun Team
Selects M31 Recovery Vehicle
M31 Recovery Vehicle
Designate Forward Repair Station
Rapid Repairs
七彩斑斓的牛头人战士
PANDAKING
Herald of Salt
BuCheonFrog
26 letters
Kanade
Skibidi Rizzler
NoCommentary
0
0
Comments
sign in to comment!
No comments posted yet!